 Dungeon Crawl Stone Soup version 0.14-a0-3345-g9255d23 (webtiles) character file.

1258 MrRokkomies the Insei (level 8, -4/54 HPs)
             Began as a Demonspawn Transmuter on Mar 17, 2014.
             Was an Initiate of Ashenzari.
             Slain by an ice beast (14 damage)
             ... on Level 5 of the Dungeon.
             The game lasted 00:23:04 (5775 turns).

MrRokkomies the Insei (Demonspawn Transmuter)       Turns: 5775, Time: 00:23:04

HP  -4/54        AC 11     Str 11      XL: 8   Next: 11%
MP  22/22        EV 13     Int 16      God: Ashenzari [......]
Gold 147         SH  0     Dex 14      Spells:  2 memorised,  7 levels left

rFire  + . .     SeeInvis .     H - -2,+0 flail (curse)
rCold  . . .     Clarity  +     c - +1 robe
rNeg   . . .     Conserve .     (no shield)
rPois  .         rCorr    .     (no helmet)
rElec  .         rRot     .     (no cloak)
SustAb . .       Spirit   .     v - +1 pair of gloves
rMut   .         Warding  .     (no boots)
Saprov . . .     Stasis   .     p - amulet of clarity
MR     .....                    L - ring of magical power
                                w - ring of flight

@: not resistant to hostile enchantments, unstealthy
A: hooves 1, iridescent scales 2, conserve scrolls, fire resistance 1
a: Renounce Religion, Evoke Flight


You were on level 5 of the Dungeon.
You worshipped Ashenzari.
Ashenzari was noncommittal.
You were not hungry.

You visited 2 branches of the dungeon, and saw 6 of its levels.
You also visited: Ossuary.

You collected 187 gold pieces.
You spent 40 gold pieces at shops.

Inventory:

Hand weapons
 f - a +0,+0 crossbow
 r - a +0,+1 sling
 H - a cursed -2,+0 flail (weapon)
Missiles
 b - 56 arrows
 e - 14 darts of dispersal (quivered)
 i - 37 poisoned needles
 s - 59 sling bullets
 C - 5 bolts of flame
Armour
 c - a +1 robe (worn)
 n - a cursed +0 scale mail
 v - a +1 pair of gloves (worn)
Magical devices
 y - a wand of heal wounds (5)
Comestibles
 a - 3 bread rations
 k - a meat ration
Scrolls
 h - a scroll of recharging
 l - a scroll of teleportation
 A - a scroll of remove curse
 F - a scroll of enchant weapon II
Jewellery
 p - an amulet of clarity (around neck)
 w - a ring of flight (left hand)
 L - a ring of magical power (right hand)
Potions
 g - 2 potions of haste
 j - 2 potions of might
 m - a potion of heal wounds {unknown}
 o - a potion of beneficial mutation {unknown}
 q - a potion of resistance
 t - a potion of magic {unknown}
 u - a potion of flight {unknown}
 z - a potion of paralysis {unknown}
 B - a potion of cure mutation {unknown}
 I - a potion of poison {unknown}
 J - 2 potions of curing
 K - a potion of lignification {unknown}
 N - a potion of brilliance {unknown}
Books
 d - a book of Changes

   Spells                             Type                      Level
   *Beastly Appendage                 Transmutation                1
   Sticks to Snakes                   Transmutation                2
   *Spider Form                       Transmutation/Poison         3
   Ice Form                           Ice/Transmutation            4
   Blade Hands                        Transmutation                5
 E - a book of Annihilations {highlevel, unknown}

   This book is beyond your current level of understanding.

   Spells                             Type                      Level
   Poison Arrow                       Conjuration/Poison           6
   Chain Lightning                    Conjuration/Air              8
   Lehudib's Crystal Spear            Conjuration/Earth            8
   Glaciate                           Conjuration/Ice              9
   Fire Storm                         Conjuration/Fire             9


   Skills:
 - Level 1.0 Fighting
 * Level 3.3 Dodging
 + Level 7.3 Unarmed Combat
 - Level 2.0 Spellcasting
 - Level 5.0 Transmutations


You had 7 spell levels left.
You knew the following spells:

 Your Spells              Type           Power        Failure   Level  Hunger
a - Beastly Appendage     Trmt           ###...       2%          1    #......
b - Spider Form           Trmt/Pois      #.........   21%         3    ####...


Dungeon Overview and Level Annotations

Branches:
Dungeon (5/15)             Temple (1/1) D:5

Altars:
Ashenzari
Cheibriados
Kikubaaqudgha
Makhleb
Sif Muna
Trog
Yredelemnul

Shops:
D:4 *


Innate Abilities, Weirdness & Mutations

You have large cloven feet.*
You are mostly covered in iridescent scales (AC +6).*
You are very good at protecting items from fire.
Your flesh is heat resistant.*


Message History

The ice beast barely misses you.
You barely miss the ice beast. Your kick misses the ice beast.
The ice beast is heavily wounded.
The ice beast closely misses you.
You closely miss the ice beast.
The ice beast is heavily wounded.
The ice beast hits you.
* * * LOW HITPOINT WARNING * * *
The ice beast freezes you.
* * * LOW HITPOINT WARNING * * *
The ice beast misses you.
You hit the ice beast.
The ice beast is heavily wounded.
The ice beast barely misses you.
You closely miss the ice beast.
The ice beast is heavily wounded.
The ice beast hits you.
* * * LOW HITPOINT WARNING * * *
The ice beast freezes you!
You die...

.... ..(......#
..........#
...........#
#...........#
#...........#
#...........#
#...........+
#.....I@....#
##########'#####
#.......##.....#
#.##..#.######'##
#.......>.....).#
#...............#
#.#...........(.#
#.##.#..........#
#...............+


You could see an ice beast.

Vanquished Creatures
  11 scorpions
  2 hounds (D:5)
  A human zombie (Ossuary)
  A centaur zombie (Ossuary)
  4 orc priests
  An orc wizard (D:3)
  2 big kobold zombies (Ossuary)
  Terence (D:3)
  3 mummies (Ossuary)
  2 scorpion zombies (Ossuary)
  A giant mite (D:3)
  8 adders
  A giant eyeball (D:4)
  4 giant geckos
  2 oozes (D:2)
  22 orcs
  2 ball pythons (D:1)
  12 bats
  A giant cockroach (D:4)
  9 goblins
  9 hobgoblins
  5 jackals (D:5)
  11 kobolds
  3 giant newts
  A goblin skeleton (D:5)
  2 goblin zombies (Ossuary)
  A hobgoblin zombie (Ossuary)
  A kobold zombie (Ossuary)
  An orc zombie (Ossuary)
  2 quokkas
  11 rats
  A rat skeleton (D:4)
138 creatures vanquished.

Vanquished Creatures (others)
  A centaur zombie (Ossuary)
1 creature vanquished.

Grand Total: 139 creatures vanquished

Notes
Turn   | Place    | Note
--------------------------------------------------------------
     0 | D:1      | MrRokkomies, the Demonspawn Transmuter, began the quest for the Orb.
     0 | D:1      | Reached XP level 1. HP: 15/15 MP: 3/3
    51 | D:1      | Reached skill level 3 in Unarmed Combat
    56 | D:1      | Gained mutation: You are partially covered in iridescent scales (AC +4). [demonic ancestry]
    56 | D:1      | Reached XP level 2. HP: 16/21 MP: 4/4
   699 | D:2      | Reached XP level 3. HP: 23/26 MP: 3/6
   704 | D:2      | Learned a level 3 spell: Spider Form
  1515 | D:2      | Gained mutation: You are mostly covered in iridescent scales (AC +6). [demonic ancestry]
  1515 | D:2      | Reached XP level 4. HP: 32/32 MP: 7/7
  1756 | D:2      | Found a deep blue altar of Sif Muna.
  2151 | D:3      | Reached skill level 4 in Unarmed Combat
  2432 | D:3      | Gained mutation: You are very good at protecting items from fire. [demonic ancestry]
  2432 | D:3      | Reached XP level 5. HP: 13/37 MP: 5/9
  2625 | D:3      | Noticed Terence
  2642 | D:3      | Killed Terence
  3641 | D:4      | Found Skenagh's General Store.
  3644 | D:4      | Bought a scroll of identify for 20 gold pieces
  3644 | D:4      | Bought a scroll of identify for 20 gold pieces
  3688 | D:4      | Paralysed by a giant eyeball for 3 turns
  3718 | D:4      | Reached skill level 5 in Unarmed Combat
  3718 | D:4      | Reached XP level 6. HP: 43/43 MP: 6/10
  4123 | D:5      | Entered Level 5 of the Dungeon
  4614 | D:5      | Found a staircase to the Ecumenical Temple.
  4620 | Temple   | Entered the Ecumenical Temple
  4705 | Temple   | Became a worshipper of Ashenzari the Shackled
  4794 | D:5      | Gained mutation: Your flesh is heat resistant. [demonic ancestry]
  4794 | D:5      | Reached XP level 7. HP: 30/48 MP: 6/12
  4826 | D:5      | Reached skill level 6 in Unarmed Combat
  4848 | D:5      | Found a sand-covered staircase.
  4855 | Ossuary  | Entered an ossuary
  5367 | Ossuary  | Reached skill level 5 in Transmutations
  5582 | Ossuary  | Reached skill level 7 in Unarmed Combat
  5583 | Ossuary  | Gained mutation: You have large cloven feet. [demonic ancestry]
  5583 | Ossuary  | Reached XP level 8. HP: 32/54 MP: 12/13
  5775 | D:5      | Slain by an ice beast

Action                   |  1- 3 |  4- 6 |  7- 9 || total
-------------------------+-------+-------+-------++-------
Melee: Unarmed           |   171 |   280 |    69 ||   520
       Flail             |       |       |    79 ||    79
 Cast: Beastly Appendage |     5 |     3 |       ||     8
       Spider Form       |       |     9 |     7 ||    16
 Abil: End Transformatio |       |     2 |     1 ||     3
Evoke: Wand              |       |     2 |       ||     2
  Use: Scroll            |     2 |     8 |     5 ||    15
       Potion            |     1 |     1 |     1 ||     3
 Stab: Sleeping          |     1 |       |     1 ||     2
